 Dungeon Crawl Stone Soup version 0.29.1-1-gd02db6906a (webtiles) character file.

Game seed: 11284409740809246687

4042 testjoe123 the Carver (level 10, 0/88 HPs)
             Began as a Minotaur Berserker on Oct 8, 2022.
             Was an Elder of Trog.
             Succumbed to a wight's poison
             ... on level 8 of the Dungeon.
             The game lasted 00:45:45 (6184 turns).

testjoe123 the Carver (Minotaur Berserker)          Turns: 6184, Time: 00:45:45

Health: 0/88       AC: 16    Str: 30    XL:     10   Next: 4%
Magic:  9/9        EV: 11    Int: 12    God:    Trog [****..]
Gold:   384        SH:  0    Dex: 19    Spells: 9/9 levels left

rFire   . . .      SeeInvis .   r - +9 falchion of the Enfolding King {venom, Str-2 Int+2 Dex+9}
rCold   . . .      Faith    .   (no shield)
rNeg    . . .      Spirit   .   k - +0 chain mail
rPois   .          Reflect  .   (helmet restricted)
rElec   .          Harm     .   (no cloak)
rCorr   .          Rampage  .   e - +0 pair of gloves
Will    .....                   i - +2 pair of boots
Stlth   ..........              w - amulet of regeneration
HPRegen 1.04/turn               p - +6 ring of strength
MPRegen 0.11/turn               x - +6 ring of intelligence

@: brilliant, lethally poisoned (0 -> -1)
A: horns 2, retaliatory headbutt
a: Renounce Religion, Berserk, Trog's Hand, Brothers in Arms


You were on level 8 of the Dungeon.
You worshipped Trog.
Trog was greatly pleased with you.
You visited 2 branches of the dungeon, and saw 9 of its levels.

You collected 384 gold pieces.

Inventory:

Hand Weapons
 a - a +0 mace
 j - a +2 mace of holy wrath
 r - the +9 falchion of the Enfolding King (weapon) {venom, Str-2 Int+2 Dex+9}
   (You found it on level 4 of the Dungeon)

   It poisons the flesh of those it strikes.
   Str:       It affects your strength (-2).
   Int:       It affects your intelligence (+2).
   Dex:       It affects your dexterity (+9).
 s - a +0 flail
 u - a +0 shortbow
 y - a +2 morningstar of venom
 B - a +0 great sword
Missiles
 t - 3 poisoned darts
 z - a throwing net
Armour
 b - a +0 animal skin
 e - a +0 pair of gloves (worn)
 h - a +0 ring mail
 i - a +2 pair of boots (worn)
 k - a +0 chain mail (worn)
 o - a +0 pair of boots
Jewellery
 p - a +6 ring of strength (left hand)
 v - an amulet of faith
 w - an amulet of regeneration (around neck)
 x - a +6 ring of intelligence (right hand)
Scrolls
 g - a scroll of enchant weapon {unknown}
 l - a scroll of brand weapon
 m - 2 scrolls of amnesia
 n - a scroll of vulnerability
 A - a scroll of summoning {unknown}
Potions
 c - 3 potions of cancellation
 f - 3 potions of mutation
 C - 2 potions of magic {unknown}


   Skills:
 + Level 7.9 Fighting
 + Level 10.5 Long Blades
 + Level 7.0 Maces & Flails
 + Level 9.3 Armour
 + Level 4.6 Dodging
 + Level 0.6 Stealth


You had 9 spell levels left.
You didn't know any spells.
Your spell library was empty.

Dungeon Overview and Level Annotations

Branches:
Dungeon (8/15)             Temple (1/1) D:7
   Lair: D:8-11

Altars:
Ashenzari
Cheibriados
Dithmenos
Fedhas
Kikubaaqudgha
Makhleb
Nemelex Xobeh
Okawaru
Qazlal
Ru
Sif Muna
Trog
Uskayaw
Vehumet

Shops:
D:7 (

Annotations:
D:6 Edmund, Maggie
D:7 1 runed translucent door, beigtais's ghost, novice SpHu


Innate Abilities, Weirdness & Mutations

You have a pair of horns on your head.
You reflexively headbutt those who attack you in melee.


Message History

Things that are here:
a +5 great sword of freezing; a +0 robe; a bullfrog corpse You don't know any spells.
You don't know any spells.
It was a potion of brilliance.
You feel clever all of a sudden.
You feel sick. The wight hits you with a +0 scimitar!
* * * LOW HITPOINT WARNING * * *
The goblin closely misses you.
You slash the goblin!
You kill the goblin!
Trog accepts your kill.
You feel sick. The wight misses you.
You closely miss the orc priest. You headbutt the orc priest.
The orc priest is moderately wounded.
You feel sick. The wight hits you with a +0 scimitar!
* * * LOW HITPOINT WARNING * * *
The orc priest closely misses you.
You hit the orc priest.
The orc priest is poisoned.
You headbutt the orc priest.
You kill the orc priest!
Trog accepts your kill.
You feel sick. The wight barely misses you. You furiously retaliate!
You headbutt the wight!
An orc comes into view. It is wielding a +0 flail.
You slash the wight! You headbutt the wight!
You destroy the wight!
Trog accepts your kill.
Your life force feels restored.
You don't know any spells.
You don't know any spells.
You feel sick.
The wight throws a poisoned dart.
The poisoned dart hits you!
You are lethally poisoned!
* * * LOW HITPOINT WARNING * * *
You feel very sick.
* * * LOW HITPOINT WARNING * * *
You feel sick.
* * * LOW HITPOINT WARNING * * *
You feel sick.
The wight throws a poisoned dart.
The poisoned dart misses you.
You die...

.... ..# ..
####.#####.# .. ..~
#.......##.##. ..
........##.... ..
........#...## .
..........o.. .#
#.......##)### ###.#
#.........†..###...#
#......$..)).##.@#
#......>..)).##.##
#.......###.){z.#
######### #######


You could see a wight.

Vanquished Creatures
  2 wyverns (D:8)
  Eustachio (D:6)
  A steam dragon (D:7)
  Menkaure (D:6)
  2 water moccasins
  An orc warrior (D:7)
  3 ice beasts
  3 sky beasts
  A black bear (D:4)
  A centaur (D:5)
  2 phantoms
  2 necrophages
  5 bullfrogs
  3 scorpions (D:5)
  A water moccasin zombie (D:3)
  16 wights
  3 howler monkeys (D:7)
  A jelly (D:6)
  3 hounds (D:4)
  2 orc priests
  Jessica (D:3)
  6 orc wizards
  An iguana (D:5)
  6 adders
  5 gnolls
  A white imp (D:4)
  An ufetubus (D:4)
  An adder zombie (D:3)
  2 worms
  11 orcs
  7 ball pythons
  6 endoplasms
  4 giant cockroaches
  8 goblins
  5 hobgoblins
  2 jackals (D:1)
  A quokka (D:5)
  5 bats
  A frilled lizard (D:1)
  A giant cockroach zombie (D:3)
  8 kobolds
  3 rats
140 creatures vanquished.

Notes
Turn   | Place    | Note
-------+----------+-------------------------------------------
     0 | D:1      | testjoe123 the Minotaur Berserker began the quest for the
                  | Orb.
     0 | D:1      | Reached XP level 1. HP: 19/19 MP: 0/0
   116 | D:1      | Reached XP level 2. HP: 18/27 MP: 1/1
   680 | D:1      | Reached ** piety under Trog
  1009 | D:2      | Reached XP level 3. HP: 33/33 MP: 2/2
  2085 | D:3      | Found a burning altar of Makhleb.
  2085 | D:3      | Found a sparkling altar of Nemelex Xobeh.
  2125 | D:3      | Reached XP level 4. HP: 41/41 MP: 3/3
  2161 | D:3      | Noticed Jessica
  2167 | D:3      | Killed Jessica
  2210 | D:3      | Reached skill level 5 in Maces & Flails
  2210 | D:3      | Reached XP level 5. HP: 20/47 MP: 4/4
  2272 | D:3      | Found a blossoming altar of Fedhas.
  2869 | D:4      | Noticed a phantom
  2880 | D:4      | Killed a phantom
  2881 | D:4      | Reached skill level 5 in Fighting
  3021 | D:4      | Noticed a black bear
  3054 | D:5      | Entered Level 5 of the Dungeon
  3065 | D:4      | Killed a black bear
  3066 | D:4      | Reached XP level 6. HP: 38/56 MP: 5/5
  3229 | D:4      | Identified the +9 falchion of the Enfolding King {venom,
                  | Str-2 Int+2 Dex+9}
  3528 | D:4      | Identified the +1 robe of the Vacuum {Contam rElec Str+5}
  3636 | D:5      | Reached skill level 1 in Long Blades
  3636 | D:5      | Reached skill level 5 in Armour
  3636 | D:5      | Reached XP level 7. HP: 59/61 MP: 6/6
  3688 | D:5      | Reached *** piety under Trog
  3739 | D:5      | Reached skill level 2 in Long Blades
  3784 | D:5      | Reached skill level 3 in Long Blades
  4180 | D:5      | Reached skill level 4 in Long Blades
  4307 | D:5      | Reached XP level 8. HP: 70/70 MP: 7/7
  4487 | D:6      | Noticed Menkaure
  4497 | D:6      | Killed Menkaure
  4498 | D:6      | Reached skill level 5 in Long Blades
  4597 | D:6      | Noticed Eustachio
  4613 | D:6      | Killed Eustachio
  4875 | D:6      | Reached skill level 6 in Long Blades
  4927 | D:6      | Noticed Edmund
  5016 | D:7      | Reached skill level 7 in Long Blades
  5093 | D:7      | Found a broken altar of Ashenzari.
  5093 | D:7      | Found a snail-covered altar of Cheibriados.
  5093 | D:7      | Found a sacrificial altar of Ru.
  5094 | D:7      | Found an iron altar of Okawaru.
  5140 | D:6      | Noticed Maggie
  5373 | D:7      | Found a shimmering blue altar of Sif Muna.
  5425 | D:7      | Reached XP level 9. HP: 78/78 MP: 8/8
  5473 | D:7      | Found a runed translucent gate.
  5473 | D:7      | Noticed beigtais's ghost (novice SpHu)
  5518 | D:7      | Reached skill level 8 in Long Blades
  5642 | D:7      | Found a staircase to the Ecumenical Temple.
  5697 | Temple   | Entered the Ecumenical Temple
  5807 | D:7      | Reached skill level 9 in Long Blades
  5861 | D:7      | Reached **** piety under Trog
  5915 | D:7      | Found Noyjiad's Antique Weapon Shop.
  6093 | D:8      | Reached skill level 10 in Long Blades
  6173 | D:8      | Reached XP level 10. HP: 26/86 MP: 9/9
  6177 | D:8      | HP: 3/87 [wight/+0 scimitar (9)]
  6182 | D:8      | HP: 1/88 [poisoned by a wight]
  6184 | D:8      | Succumbed to a wight's poison

Illustrated notes

Levels and vault maps discovered:
D:1:      lightli_arrival_chessboard, layout_basic
D:2:      layout_basic
D:3:      layout_loops_ring, nicolae_yredelemnul_corpse_copse, fedhas_altar_2,
          nicolae_overflow_two_pavilions, uniq_jessica
D:4:      layout_basic
D:5:      layout_gridville
D:6:      layout_basic, uniq_eustachio, uniq_maggie, uniq_menkaure, uniq_edmund,
          uniq_sigmund
D:7:      layout_cave_pools, lemuel_blue_sif_altar, kennysheep_mini_moat,
          chequers_temple_overflow_statue_of_worship, minmay_temple_entry_grid,
          serial_shops, nicolae_shop_crystal, biasface_ghost_orc_armoury
D:8:      layout_rooms, gammafunk_temple_overflow_wave, enter_bailey_3,
          amcnicky_mini_pool_small
Temple:   nicolae_temple_ecumenical_triangle

Skill      XL: |  1  2  3  4  5  6  7  8  9 |
---------------+----------------------------+-----
Maces & Flails | 4 5 6 7 |  7.0
Fighting       | 4 5 6 7 |  7.9
Armour         | 3 4 5 7 9 |  9.3
Dodging        | 3 4 |  4.6
Long Blades    | 1 4 7 10 | 10.5
Stealth        | |  0.6

Action                   |  1- 3 |  4- 6 |  7- 9 | 10-12 || total
-------------------------+-------+-------+-------+-------++-------
Melee: Mace              |    66 |    50 |       |       ||   116
       Headbutt          |     8 |    11 |    32 |     3 ||    54
       Falchion          |       |    18 |   146 |     5 ||   169
  Use: Scroll            |       |     8 |     4 |       ||    12
       Potion            |       |     1 |     3 |     1 ||     5
Armor: Animal skin       |    23 |       |       |       ||    23
       Chain mail        |    20 |    79 |    86 |     1 ||   186
       Ring mail         |     1 |       |       |       ||     1
Dodge: Dodged            |    80 |    45 |    92 |     6 ||   223
